 Dungeon Crawl Stone Soup version 0.31-a0-771-g505c3d19dc (webtiles) character file.

Game seed: 18010750797874415369

22288 Aneyh the Convoker (level 12, -8/77 HPs)
             Began as a Tengu Monk on Sept 16, 2023.
             Was a High Priest of Hepliaklqana.
             Killed from afar by an ice statue (30 damage)
             ... with a shard of ice
             ... in an ice cave on Sept 17, 2023.
             The game lasted 00:31:49 (12771 turns).

Aneyh the Convoker (Tengu Monk)                    Turns: 12771, Time: 00:31:50

Health: -8/77      AC: 22    Str: 13    XL:     12   Next: 98%
Magic:  13/13      EV: 16    Int: 11    God:    Hepliaklqana [*****.]
Gold:   841        SH:  5    Dex: 17    Spells: 8/11 levels left

rFire   . . .        t - +4 battleaxe (flame)
rCold   . . .        (shield currently unavailable)
rNeg    . . .        I - +7 ring mail "Metteuq" {rElec rPois Str-3 Stlth+}
rPois   +            n - +0 hat
rElec   +            m - +0 cloak
rCorr   .            C - +0 pair of gloves
SInv    .            (boots unavailable)
Will    .....        G - amulet of reflection
Stlth   ++           E - +4 ring of protection
HPRegen 0.32/turn    M - +4 ring of protection
MPRegen 0.13/turn

%: reflection, acrobat
@: flying
A: reduced essence, beak, talons 3, evasive flight, acrobatic, sturdy frame 1
a: Renounce Religion, Recall Ancestor, Ancestor Identity, Transference, Idealise


You were in an ice cave.
You worshipped Hepliaklqana.
Hepliaklqana was extremely pleased with you.
You visited 2 branches of the dungeon, and saw 14 of its levels.
You also visited: Sewer and Ice Cave.

You collected 841 gold pieces.

Inventory:

Hand Weapons
 t - a +4 battleaxe of flaming (weapon)
 w - a +1 heavy spear
 A - a +0 glaive
 Q - a +3 halberd
 T - a +3 war axe
Missiles
 B - 4 silver javelins
 S - a throwing net
 Y - 5 javelins
Armour
 m - a +0 cloak (worn)
 n - a +0 hat (worn)
 C - a +0 pair of gloves (worn)
 I - the +7 ring mail "Metteuq" (worn) {rElec rPois Str-3 Stlth+}
   (You found it on level 5 of the Dungeon)

   Str-3:     It affects your strength (-3).
   rElec:     It insulates you from electricity.
   rPois:     It protects you from poison Stlth+: It makes you more stealthy.
Magical Staves
 L - the staff "Dasaot" {rN+ SInv Conj}
   (You found it on level 5 of the Dungeon)

   [staff of conjuration]

   Base accuracy: +5 Base damage: 5 Base attack delay: 1.2 This weapon's minimum
   attack delay (0.6) is reached at skill level 12.
   rN+:       It protects you from negative energy.
   SInv:      It lets you see invisible.
   Conj:      It increases the power of your Conjurations spells.
   It falls into the 'Staves' category.
   It is a one-handed weapon.
Jewellery
 e - a ring of magical power
 g - a +6 ring of dexterity
 D - a ring of positive energy
 E - a +4 ring of protection (left hand)
 F - a ring of see invisible
 G - an amulet of reflection (around neck)
 H - a ring of poison resistance
 M - a +4 ring of protection (right hand)
 W - a ring of protection from cold
Wands
 d - a wand of light (9)
 i - a wand of polymorph (12)
 j - a wand of flame (50)
 r - a wand of digging (6)
 O - a wand of mindburst (5)
 Z - a wand of roots (13)
Scrolls
 b - a scroll of fog {unknown}
 c - 3 scrolls of brand weapon
 f - 4 scrolls of teleportation
 p - 2 scrolls of amnesia
 q - 3 scrolls of blinking {unknown}
 s - 2 scrolls of enchant armour {unknown}
 u - 4 scrolls of revelation
 y - 2 scrolls of vulnerability {unknown}
 R - a scroll of fear {unknown}
 V - a scroll of silence {unknown}
 X - a scroll of acquirement {unknown}
Potions
 h - 3 potions of curing
 k - a potion of resistance
 x - a potion of invisibility
 z - a potion of degeneration {unknown}
 J - 2 potions of haste
 K - 2 potions of berserk rage
 N - a potion of might {unknown}
 P - a potion of magic {unknown}
 U - a potion of enlightenment {unknown}
Miscellaneous
 a - a box of beasts


   Skills:
 + Level 14.8 Fighting
 - Level 9.0 Axes
 - Level 3.2 Dodging
 - Level 16.0 Summonings


You had 8 spell levels left.
You knew the following spells:

 Your Spells              Type           Power      Damage    Failure   Level
a - Call Canine Familiar  Summ           35%        N/A       1%          3

Your spell library contained the following spells:

 Spells                   Type           Power      Damage    Failure   Level
 Summon Small Mammal      Summ           100%       N/A       1%          1
 Call Imp                 Summ           70%        N/A       1%          2
 Summon Guardian Golem    Hex/Summ       17%        N/A       6%          3
 Summon Ice Beast         Ice/Summ       17%        N/A       19%         4
 Apportation              Tloc           0%         N/A       45%         1
 Kiss of Death            Conj/Necr      0%         2d5       45%         1
 Magic Dart               Conj           0%         1d3       45%         1
 Necrotise                Necr           0%         1d4       45%         1
 Lesser Beckoning         Tloc           0%         N/A       61%         2
 Confusing Touch          Hex            0%         N/A       83%         3
 Gell's Gravitas          Tloc           0%         N/A       83%         3
 Hailstorm                Conj/Ice       0%         3d3       83%         3
 Mephitic Cloud           Conj/Pois/Air  0%         N/A       83%         3
 Teleport Other           Tloc           0%         N/A       83%         3
 Tukima's Dance           Hex            0%         N/A       83%         3
 Dispel Undead            Necr           0%         3d6       99%         4
 Flame Wave               Conj/Fire      0%         2d4       99%         4
 Iskenderun's Mystic Bla  Conj/Tloc      0%         2d3       99%         4
 Passage of Golubria      Tloc           0%         N/A       99%         4
 Yara's Violent Unravell  Hex/Tmut       0%         3d3       100%        5
 Dispersal                Tloc           0%         N/A       100%        6
 Simulacrum               Ice/Necr       0%         N/A       100%        6
 Fire Storm               Conj/Fire      0%         5d1       100%        9


Dungeon Overview and Level Annotations

Branches:
Dungeon (13/15)            Temple (1/1) D:7            Lair (0/5) D:11
    Orc (0/2) D:11          Sewer (visited)           IceCv (1/1)
 Vaults: D:13-14

Altars:
Ashenzari
Cheibriados
Dithmenos
Elyvilon
Fedhas
Gozag
Hepliaklqana
Kikubaaqudgha
Makhleb
Nemelex Xobeh
Okawaru
Qazlal
Ru
Sif Muna
Trog
Uskayaw
Vehumet
Wu Jian
Xom
Yredelemnul
Zin
The Shining One

Shops:
D:2 (   D:10 :

Annotations:
D:9 2 runed translucent doors, dxb338's ghost, novice FeSh IceCv exclusion: ice statue


Innate Abilities, Weirdness & Mutations

Your life essence is reduced to manifest your ancestor. (-10% HP)
You have a beak for a mouth.
You have claws for feet.
Your magical flight helps you evade attacks. (EV +4)
You can magically evade attacks while moving or waiting.
Your movements are slightly less encumbered by armour. (ER -2)


Message History

The polar bear closely misses you.
The polar bear claws you but does no damage.
The polar bear completely misses you.
The polar bear goes berserk!
You slash the polar bear! You burn the polar bear.
You kill the polar bear!
You swap places.
You swap places.
Things that are here:
a yak corpse; a yak corpse
Items here: ††††.
An ice statue comes into view.
Marking area around an ice statue as unsafe for travelling.
No reachable target in view!
Unknown command.
The ice statue gestures at you. The freezing blast misses you.
Found a leather armour of resistance.
You are engulfed in freezing vapours.
You slash the ice statue!
You melt the ice statue.
You claw the ice statue, but do no damage.
The ice statue is moderately damaged.
You are engulfed in freezing vapours.
Zarja is engulfed in freezing vapours.
The ice statue gestures at you. The bolt of cold misses you.
Zarja is engulfed in freezing vapours.
You barely miss the ice statue.
You claw the ice statue, but do no damage.
You peck the ice statue.
The ice statue is moderately damaged.
You are engulfed in freezing vapours.
* * * LOW HITPOINT WARNING * * *
The ice statue glitters chillingly in the dim dungeon light.
Zarja is engulfed in freezing vapours.
Zarja hits the ice statue with a +0 flail.
You feel much better.
You are engulfed in freezing vapours.
* * * LOW HITPOINT WARNING * * *
You slash the ice statue!
You melt the ice statue.
You peck the ice statue.
The ice statue is heavily damaged.
Zarja hits the ice statue with a +0 flail.
The ice statue gestures at you. The shard of ice hits you!!
You die...

##.# #..#
##.##
##..#
#..##
#.##
#.###
#.#[#.#.#
#.@....#
#.R8.#.#
##...#
##$## ##


You could see the friendly Zarja the knight and an ice statue (ally target).

Vanquished Creatures
  2 two-headed ogres (D:11)
  4 death yaks (IceCv)
  Pikel (D:7)
  A deep elf pyromancer (D:12)
  A cyclops (D:11)
  A manticore (D:12)
  2 gargoyles (D:12)
  2 komodo dragons (D:10)
  7 polar bears
  2 trolls
  A hornet (D:8)
  Grinder (D:4)
  3 slime creatures
  Sigmund (D:3)
  16 yaks
  Menkaure (D:7)
  2 water moccasins
  An acid dragon (D:9)
  7 orc warriors
  3 black bears
  An ice beast (D:6)
  A centaur (D:10)
  14 wolves (IceCv)
  3 ogres (D:11)
  7 bullfrogs
  A gnoll sergeant (D:7)
  A cane toad simulacrum (D:13)
  A two-headed ogre simulacrum (D:13)
  4 necrophages (D:4)
  4 scorpions
  2 wights (D:8)
  11 killer bees
  2 howler monkeys (D:6)
  3 hounds
  2 jellies
  6 orc priests
  2 iguanas
  A sleepcap (D:5)
  Jessica (D:3)
  9 orc wizards
  2 spriggan simulacra (D:13)
  4 mutant beasts (D:8)
  A hound zombie (D:4)
  18 gnolls
  5 adders
  A naga simulacrum (D:13)
  3 river rats (D:6)
  A shadow imp (D:7)
  A white imp (D:5)
  An ufetubus (D:13)
  2 worms (D:3)
  2 dart slugs
  15 orcs
  12 ball pythons
  7 endoplasms
  11 giant cockroaches
  11 goblins
  6 hobgoblins
  2 jackals (D:4)
  6 quokkas
  13 bats
  10 frilled lizards
  6 kobolds
  8 rats
283 creatures vanquished.

Vanquished Creatures (collateral kills)
  A death yak (D:13)
  A gargoyle (D:12)
  3 trolls
  A slime creature (D:10)
  9 yaks
  A water moccasin (D:7)
  A sky beast (D:7)
  2 ogres (D:11)
  4 wolves (IceCv)
  A centaur (D:12)
  2 kobold brigands (D:11)
  A bullfrog (D:8)
  A necrophage (D:4)
  2 two-headed ogre simulacra (D:13)
  A wight (D:8)
  4 killer bees
  3 orc priests
  A gnoll bouda (D:9)
  An iguana (D:5)
  An orc wizard (D:11)
  A mutant beast (D:8)
  4 gnolls
  A naga simulacrum (D:13)
  An adder (D:5)
  A river rat (D:6)
  8 orcs
57 creatures vanquished.

Vanquished Creatures (others)
  4 knights
4 creatures vanquished.

Grand Total: 344 creatures vanquished

Notes
Turn   | Place    | Note
-------+----------+-------------------------------------------
     0 | D:1      | Aneyh the Tengu Monk began the quest for the Orb.
     0 | D:1      | Reached XP level 1. HP: 14/14 MP: 2/2
    44 | D:1      | Reached XP level 2. HP: 16/19 MP: 3/3
   364 | D:1      | Reached XP level 3. HP: 21/23 MP: 4/4
   771 | D:2      | Reached skill level 5 in Axes
   822 | D:2      | Found Piwoink's Weapon Emporium.
   964 | D:2      | Reached XP level 4. HP: 28/28 MP: 5/5
  1043 | D:2      | Reached XP level 5. HP: 23/32 MP: 6/6
  1355 | D:2      | Identified the +0 robe of the Grue {rPois rF+ rN++}
  1432 | D:3      | Noticed Sigmund
  1515 | D:3      | Found a broken altar of Ashenzari.
  1628 | D:3      | Found a glowing drain.
  1632 | Sewer    | Entered a sewer
  1885 | Sewer    | Reached XP level 6. HP: 20/37 MP: 7/7
  2063 | D:3      | Found a glowing silver altar of Zin.
  2064 | D:3      | Found a hide-covered altar of Uskayaw.
  2408 | D:3      | Noticed Jessica
  2414 | D:3      | Killed Jessica
  2471 | D:3      | Killed Sigmund
  2472 | D:3      | Gained mutation: Your magical flight helps you evade
                  | attacks. (EV +4) [Tengu growth]
  2472 | D:3      | Reached XP level 7. HP: 41/41 MP: 8/8
  2480 | D:3      | Learned a level 3 spell: Call Canine Familiar
  2568 | D:3      | Reached skill level 1 in Summonings
  2805 | D:4      | Noticed Grinder
  2852 | D:4      | Reached skill level 2 in Summonings
  3059 | D:4      | Reached skill level 3 in Summonings
  3097 | D:4      | Found an opulent altar of Gozag.
  3413 | D:4      | Paralysed by Grinder for 3 turns
  3420 | D:4      | Killed Grinder
  3421 | D:4      | Reached skill level 4 in Summonings
  3421 | D:4      | Reached XP level 8. HP: 30/48 MP: 9/9
  3583 | D:4      | Reached skill level 5 in Summonings
  3644 | D:4      | Found a blossoming altar of Fedhas.
  3962 | D:4      | Reached skill level 5 in Fighting
  3963 | D:4      | Reached skill level 6 in Summonings
  4052 | D:5      | Entered Level 5 of the Dungeon
  4130 | D:5      | Identified the +7 ring mail "Metteuq" {rElec rPois Str-3
                  | Stlth+}
  4422 | D:5      | Found a shadowy altar of Dithmenos.
  4502 | D:5      | Identified the staff "Dasaot" {rN+ SInv Conj}
  4515 | D:5      | Reached skill level 7 in Summonings
  4576 | D:5      | Reached XP level 9. HP: 50/55 MP: 10/10
  4982 | D:6      | Reached skill level 8 in Summonings
  5280 | D:6      | Found a glowing golden altar of the Shining One.
  5610 | D:6      | Found a bloodstained altar of Trog.
  5920 | D:7      | Noticed Pikel
  5935 | D:7      | Killed Pikel
  5936 | D:7      | Reached skill level 9 in Summonings
  6028 | D:7      | Found a shimmering blue altar of Sif Muna.
  6062 | D:7      | Found a staircase to the Ecumenical Temple.
  6082 | Temple   | Entered the Ecumenical Temple
  6126 | Temple   | Became a worshipper of Hepliaklqana the Forgotten
  6126 | Temple   | Reached * piety under Hepliaklqana
  6126 | Temple   | Reached ** piety under Hepliaklqana
  6127 | Temple   | Remembered your ancestor Zarja as a knight
  6183 | D:7      | Noticed Menkaure
  6184 | D:7      | Found a sparkling altar of Nemelex Xobeh.
  6184 | D:7      | Found a sacrificial altar of Ru.
  6190 | D:7      | Killed Menkaure
  6191 | D:7      | Reached skill level 10 in Summonings
  6467 | D:7      | Reached XP level 10. HP: 57/57 MP: 11/11
  6504 | D:7      | Found a stormy altar of Qazlal.
  6927 | D:8      | Noticed a juvenile oxbat beast
  6939 | D:8      | Killed a juvenile oxbat beast
  6940 | D:8      | Reached skill level 11 in Summonings
  7100 | D:8      | Identified the +0 helmet of the Tentacled God {rPois Will-
                  | Str+3 Int+8}
  7686 | D:8      | Reached *** piety under Hepliaklqana
  7922 | D:8      | Reached skill level 12 in Summonings
  8248 | D:9      | Found a large runed translucent door.
  8248 | D:9      | Found a large runed translucent door.
  8249 | D:9      | Noticed dxb338's ghost (novice FeSh)
  8577 | D:9      | Noticed a centaur warrior
  8578 | D:9      | Noticed a cyan ugly thing
  8652 | D:9      | Upgraded the game from 0.31-a0-765-g67fe2935dc to
                  | 0.31-a0-771-g505c3d19dc
  8664 | D:10     | Entered Level 10 of the Dungeon
  9083 | D:10     | Identified the +3 robe of Valiance {*Slow rPois Dex-5
                  | Stlth+}
  9089 | D:10     | Found Rakky's Vocational Training.
  9090 | D:10     | Reached **** piety under Hepliaklqana
  9183 | D:10     | Reached skill level 13 in Summonings
  9684 | D:10     | Reached XP level 11. HP: 54/64 MP: 12/12
 10057 | D:10     | Reached skill level 10 in Fighting
 10362 | D:11     | Reached skill level 14 in Summonings
 10374 | D:11     | Gained mutation: Your movements are slightly less
                  | encumbered by armour. (ER -2) [potion of mutation]
 10637 | D:11     | Noticed a cyclops
 10723 | D:11     | Killed a cyclops
 10834 | D:11     | Found a staircase to the Orcish Mines.
 11031 | D:11     | Noticed a two-headed ogre
 11039 | D:11     | Killed a two-headed ogre
 11040 | D:11     | Reached skill level 15 in Summonings
 11093 | D:11     | Noticed a two-headed ogre
 11098 | D:11     | Killed a two-headed ogre
 11201 | D:11     | Found a staircase to the Lair.
 11249 | D:11     | Found a hazy altar of Hepliaklqana.
 11312 | D:12     | Noticed a manticore
 11322 | D:12     | Killed a manticore
 11323 | D:12     | Reached XP level 12. HP: 40/72 MP: 10/13
 11606 | D:12     | Reached skill level 16 in Summonings
 11607 | D:12     | Reached ***** piety under Hepliaklqana
 11908 | D:13     | Noticed a death yak
 11918 | D:13     | Killed a death yak
 12048 | D:13     | Found a frozen archway.
 12059 | IceCv    | Entered an ice cave
 12221 | IceCv    | Noticed a death yak
 12221 | IceCv    | Noticed a death yak
 12221 | IceCv    | Noticed a death yak
 12229 | IceCv    | Killed a death yak
 12236 | IceCv    | Killed a death yak
 12238 | IceCv    | Killed a death yak
 12343 | IceCv    | Got droning
 12699 | IceCv    | Noticed a death yak
 12712 | IceCv    | Killed a death yak
 12771 | IceCv    | Killed from afar by an ice statue

Illustrated notes

Levels and vault maps discovered:
D:1:      wander_arrival_desolate, layout_basic, st_stairs_3, hex_tiny,
          minmay_door_square
D:2:      layout_basic, serial_shops, nicolae_shop_behind_doors, minivault_5
D:3:      layout_basic, lemuel_tele_altar, mainiacjoe_overflow_divided_tiny,
          gup_sewer_entry_spiral, grunt_ministairs_7,
          amcnicky_mini_rare_corridor_liquid, uniq_jessica, uniq_sigmund
D:4:      layout_basic, fedhas_altar_decomposition,
          nicolae_gozag_cash_rules_everything_around_me, minmay_crossroads,
          uniq_grinder
D:5:      layout_loops_ring, nicolae_overflow_crystal_walls
D:6:      wad_woods_tower, layout_loops_corners, mainiacjoe_overflow_24_doors,
          mainiacjoe_overflow_tiny_flanked
D:7:      layout_cave_pods, general_overflow_altar,
          mainiacjoe_overflow_concentric_impassable, grunt_temple_overflow_open,
          temple_fountains, hangedman_decor_riveting, uniq_menkaure, uniq_pikel
D:8:      layout_cave_pods, nicolae_beast_mode
D:9:      minmay_chambers_of_sixes, layout_loops_ring,
          ebering_ghost_disaster_area
D:10:     layout_long_grid, nicolae_shop_vocational
D:11:     layout_irregular_city, grunt_lair_entry_orc_guard_hut,
          kennysheep_orc_monster_closet_entryway,
          worldfamousw_hep_ancestral_shrine
D:12:     layout_cross
D:13:     minmay_the_grid_octo_tiled_octocenter
          [minmay_the_grid_octo_thin_diamonds, minmay_the_grid_octo_chip,
          minmay_the_grid_octo_checkerflower, minmay_the_grid_octo_clover_2,
          minmay_the_grid_octo_prize_big_c,
          minmay_the_grid_square_5x5_fancy_junction,
          minmay_the_grid_square_5x5_sharp_hourglass,
          minmay_the_grid_square_5x5_trominoes,
          minmay_the_grid_square_5x5_slash], layout_basic, serial_ice,
          serial_ice_i, serial_ice_e, serial_ice_n, serial_ice_g, serial_ice_h,
          serial_ice_o, serial_ice_f, serial_ice_b,
          portal_ice_cave_entry_ice_simulacra, feat_on_display
Temple:   cyrus_temple_forest
IceCv:    ice_cave_caverns_02

Skill      XL: |  1  2  3  4  5  6  7  8  9 10 11 12 |
---------------+-------------------------------------+-----
Axes           | 4 5 6 7 8 9 |  9.0
Summonings     | 4 7 10 13 15 16 | 16.0
Fighting       | 4 6 8 9 11 14 | 14.8
Dodging        | |  3.2

Action                     |  1- 3 |  4- 6 |  7- 9 | 10-12 || total
---------------------------+-------+-------+-------+-------++-------
  Melee: Hand axe          |    69 |   131 |       |       ||   200
         Kick              |    24 |    40 |    63 |   126 ||   253
         Peck              |     8 |    19 |    54 |    89 ||   170
         Punch             |       |     1 |       |       ||     1
         Battleaxe         |       |     5 |   207 |   376 ||   588
         Halberd           |       |       |       |    10 ||    10
   Cast: Call Canine Famil |       |       |    12 |    45 ||    57
 Invoke: Ancestor Life: Kn |       |       |     1 |       ||     1
         Recall Ancestor   |       |       |       |     4 ||     4
    Use: Potion            |       |     1 |       |     3 ||     4
         Scroll            |       |       |     5 |    13 ||    18
   Stab: Sleeping          |     5 |     5 |     8 |     3 ||    21
         Distracted        |       |     1 |     1 |     4 ||     6
 Armour: Robe              |    24 |    48 |    35 |       ||   107
         Ring mail         |       |       |    58 |   336 ||   394
  Dodge: Dodged            |    64 |   102 |   150 |   560 ||   876
  Block: Other             |       |       |       |    53 ||    53

Table legend: (Time is in decaauts)
 A = Elapsed time spent in this place.
 B = Non-inter-level travel time spent in this place.
 C = Inter-level travel time spent in this place.
 D = Time resting spent in this place.
 E = Time spent auto-exploring this place.
 F = Levels seen in this place.
 G = Mean time per level.
                   A        B        C        D        E       F      G
               +--------+--------+--------+--------+--------+-----+--------+
         Total |  13016 |  12392 |    624 |   1387 |   8162 |  16 |  813.5 |
       Dungeon |  11775 |  11191 |    584 |    954 |   7874 |  13 |  905.8 |
        Temple |     86 |     46 |     40 |      0 |      0 |   1 |   86.0 |
         Sewer |    408 |    408 |      0 |     87 |    110 |   1 |  408.0 |
      Ice Cave |    745 |    745 |      0 |    346 |    178 |   1 |  745.0 |
               +--------+--------+--------+--------+--------+-----+--------+

Top non-repeatable levels by time:
    D:10: 1434 daAuts
     D:4: 1244 daAuts
     D:8: 1103 daAuts
     D:6: 1074 daAuts
    D:11: 1069 daAuts
     D:3: 1039 daAuts
     D:7: 923 daAuts
     D:9: 842 daAuts
     D:2: 817 daAuts
     D:5: 815 daAuts
   IceCv: 745 daAuts
     D:1: 652 daAuts
    D:12: 604 daAuts
   Sewer: 408 daAuts
    D:13: 155 daAuts
